Map: Frozen Temple

Players

LiquidTLO (TLO) - Winner!

  • Race: Zerg Zerg
  • League: Master

Elroye

  • Race: Zerg Zerg
  • League: Master

Event: DreamHack ZOWIE Open Valencia 2016

VOD

Have the link to the VOD?

Description

Time

  • Played on: July 14, 2016, 8:54 a.m.
  • Length: 8:44

All games in this series

Show
View Real Time Build Order
Export as new Build Order

LiquidTLO Zerg - Winner!

Build Orders: Pool First 

Get SALT Encoding   

  12  0:00  Drone  
  13  0:08  Drone  
  14  0:18  Drone, Extractor  
  14  0:32  Spawning Pool  
  14  0:35  Drone  
  14  0:47  Drone, Extractor  
  15  0:51  Overlord  
  15  1:18  Metabolic Boost, Queen  
  15  1:19  Zergling x2  
  15  1:22  Zergling x2  
  20  1:25  Zergling x2  
  20  1:33  Overlord  
  20  1:40  Zergling x2  
  21  1:51  Zergling x2  
  22  2:03  Zergling x2  
  23  2:10  Hatchery  
  23  2:14  Drone  
  23  2:23  Drone  
  23  2:27  Drone x2  
  23  2:29  Drone  
  27  2:39  Drone  
  28  2:53  Hatchery  
  27  3:02  Overlord  
  27  3:03  Drone  
  28  3:08  Drone  
  28  3:12  Overlord  
  29  3:17  Drone  
  28  3:23  Drone x2  
  28  3:32  Drone  
  28  3:33  Drone  
  30  3:36  Drone x3  
  33  3:44  Queen  
  33  3:46  Drone  
  35  3:48  Drone  
  35  3:56  Drone  
  35  3:57  Drone, Extractor  
  35  4:01  Evolution Chamber  
  35  4:04  Drone, Overlord  
  35  4:06  Drone  
  35  4:07  Drone  
  35  4:09  Drone  
  39  4:13  Zergling x2  
  39  4:16  Drone  
  41  4:19  Lair  
  41  4:23  Drone x2  
  43  4:27  Extractor  
  43  4:28  Drone x2  
  44  4:32  Zerg Missile Weapons Level 1  
  44  4:38  Roach Warren  
  44  4:40  Zergling x2  
  44  4:43  Drone  
  44  4:44  Drone  
  46  4:49  Drone x2  
  46  4:52  Queen  
  48  4:56  Drone  
  48  4:59  Drone x2  
  53  5:00  Drone  
  53  5:05  Drone  
  53  5:06  Drone  
  56  5:11  Overlord  
  56  5:15  Extractor  
  56  5:16  Drone  
  56  5:18  Glial Reconstitution  
  56  5:19  Spire  
  57  5:21  Roach  
  57  5:26  Overlord  
  57  5:27  Roach  
  61  5:28  Roach  
  61  5:32  Roach  
  61  5:34  Roach  
  65  5:36  Roach  
  65  5:39  Roach  
  65  5:41  Roach  
  71  5:44  Overlord  
  71  5:45  Roach  
  73  5:51  Roach  
  73  5:53  Roach  
  73  5:54  Roach  
  79  5:58  Roach  
  79  6:01  Overlord x2  
  80  6:05  Roach x2  
  80  6:07  Roach  
  80  6:10  Roach  
  88  6:13  Roach  
  88  6:17  Overlord  
  90  6:24  Overlord  
  89  6:32  Mutalisk x2  
  89  6:33  Mutalisk  
  89  6:37  Drone  
  89  6:38  Drone x5  
  89  6:39  Drone, Extractor x2  
  100  6:43  Zerg Flyer Weapons Level 1  
  100  6:47  Mutalisk  
  100  6:51  Drone  
  103  6:57  Overlord  
  103  6:59  Mutalisk  
  103  7:01  Drone x2  
  107  7:02  Drone x2  
  107  7:05  Mutalisk  
  111  7:10  Drone  
  111  7:11  Mutalisk  
  111  7:13  Overlord  
  102  7:26  Mutalisk x2  
  98  7:31  Mutalisk  
  98  7:33  Queen x3  
  96  7:41  Spore Crawler  
  96  7:42  Spore Crawler  
  96  7:43  Mutalisk  
  96  7:44  Mutalisk  
  90  7:45  Spore Crawler  
  90  7:50  Mutalisk  
  93  7:52  Roach  
  93  7:56  Mutalisk  
  97  8:06  Mutalisk  
  97  8:09  Mutalisk  
  101  8:15  Mutalisk  
  89  8:26  Zergling x4  
Show
View Real Time Build Order
Export as new Build Order

Elroye Zerg 

Build Orders: Pool First 

Get SALT Encoding   

  12  0:17  Spawning Pool  
  11  0:21  Drone  
  11  0:27  Drone  
  13  0:31  Drone  
  14  0:40  Overlord  
  14  1:03  Zergling x4  
  16  1:05  Zergling x2  
  17  1:15  Zergling x2  
  18  1:19  Hatchery  
  17  1:26  Zergling x2  
  17  1:32  Queen  
  20  1:37  Zergling x2  
  22  2:00  Overlord  
  22  2:07  Spine Crawler  
  20  2:09  Queen  
  22  2:20  Drone x2  
  24  2:31  Queen  
  24  2:36  Drone x2  
  28  2:40  Drone  
  29  2:55  Drone  
  29  2:56  Drone x3  
  33  3:10  Drone x2  
  33  3:11  Drone  
  34  3:21  Drone x2  
  34  3:27  Queen  
  35  3:34  Drone  
  35  3:39  Extractor  
  35  3:41  Extractor  
  35  3:46  Drone x2  
  36  3:53  Drone  
  36  4:10  Overlord  
  36  4:16  Evolution Chamber  
  35  4:17  Drone  
  35  4:21  Roach Warren, Extractor  
  35  4:23  Extractor  
  35  4:24  Drone x3  
  35  4:25  Lair  
  35  4:29  Drone x2  
  38  4:33  Drone  
  38  4:36  Drone  
  40  4:39  Drone  
  40  4:42  Drone  
  43  4:45  Drone  
  43  4:47  Drone  
  43  4:52  Overlord  
  43  4:57  Overlord  
  43  5:18  Drone x6  
  49  5:26  Spire  
  48  5:29  Drone  
  48  5:31  Drone  
  50  5:36  Roach  
  50  5:40  Roach  
  54  5:43  Drone  
  54  5:47  Drone x3  
  57  6:08  Drone  
  58  6:26  Hatchery  
  58  6:30  Overlord x2  
  58  6:32  Overlord  
  57  6:39  Spine Crawler, Mutalisk  
  58  6:40  Spine Crawler, Mutalisk  
  58  6:43  Overlord  
  59  6:48  Mutalisk x6  
  59  6:53  Mutalisk x3  
  77  7:01  Mutalisk  
  77  7:07  Mutalisk  
  81  7:13  Mutalisk  
  76  7:16  Zergling x10  
  79  7:24  Queen  
  79  7:25  Queen  
  79  7:29  Zergling x2  
  77  7:43  Mutalisk  
  78  7:45  Drone x2  
  78  7:46  Drone  
  78  7:48  Drone  
  82  7:55  Mutalisk  
  84  8:02  Overlord x2  
  82  8:19  Mutalisk x2  
  58  8:42  Hatchery  

Tags
 
Add a new tag
Caveats
  • Supply blocks, unpowered buildings, or Contaminate may cause inaccurate times.
  • Supply counts are checked every 10 seconds.